 Dungeon Crawl Stone Soup version 0.28.0 (webtiles) character file.

Game seed: 7183108481870195449

2 Host24 the Bolt Thrower (level 1, -2/12 HPs)
             Began as a Kobold Hunter on Feb 5, 2022.
             Frozen to death by an endoplasm (5 damage)
             ... on level 1 of the Dungeon.
             The game lasted 00:00:21 (298 turns).

Host24 the Bolt Thrower (Kobold Hunter)              Turns: 298, Time: 00:00:21

Health: -2/12      AC:  3    Str:  9    XL:     1   Next: 44%
Magic:  1/1        EV: 14    Int: 12    God:
Gold:   6          SH:  0    Dex: 15    Spells: 0/0 levels left

rFire   . . .      SeeInvis .   b - +0 short sword
rCold   . . .      Faith    .   (no shield)
rNeg    . . .      Spirit   .   c - +0 leather armour
rPois   .          Reflect  .   (no helmet)
rElec   .          Harm     .   (no cloak)
rCorr   .          Rampage  .   (no gloves)
Will    .....                   (no boots)
Stlth   +++.......              (no amulet)
HPRegen 0.04/turn               (no ring)
MPRegen 0.07/turn               (no ring)

@: no status effects
A: small, no large weapons, nightstalker 3
a: no special abilities


You were on level 1 of the Dungeon.
You visited 1 branch of the dungeon, and saw 1 of its levels.

You collected 6 gold pieces.

Inventory:

Hand Weapons
 a - a +1 hand crossbow
 b - a +0 short sword (weapon)
Missiles
 d - 20 bolts
 e - 13 stones (quivered)
Armour
 c - a +0 leather armour (worn)
Scrolls
 f - a scroll of enchant armour {unknown}


   Skills:
 + Level 2.2 Fighting
 - Level 5.0 Crossbows
 - Level 2.4 Dodging
 - Level 1.3 Stealth


You couldn't memorise any spells.
You didn't know any spells.
Your spell library was empty.

Dungeon Overview and Level Annotations

Branches:
Dungeon (1/15)

Altars:


Innate Abilities, Weirdness & Mutations

You are small and have problems with some larger weapons.
You are completely attuned to the shadows.


Message History

The rat barely misses you. The rat closely misses you.
You closely miss the rat.
The rat is severely wounded.
An endoplasm comes into view.
The ball python bites you but does no damage.
The ball python grabs you. The ball python constricts you.
The rat barely misses you.
You hit the rat.
You kill the rat!
The ball python misses you. The ball python constricts you.
Your Crossbows skill increases to level 5!
You escape the ball python's grasp.
You closely miss the ball python.
The ball python bites you but does no damage.
The ball python closely misses you. The ball python misses you.
The ball python closely misses you.
You closely miss the ball python. The ball python bites you.
The ball python grabs you. The ball python constricts you.
You closely miss the ball python.
The ball python bites you but does no damage.
The ball python constricts you.
You closely miss the ball python. The ball python barely misses you.
The ball python constricts you.
The ball python bites you but does no damage.
The ball python constricts you.
You barely miss the ball python. The ball python closely misses you.
The ball python constricts you.
You hit the ball python.
You kill the ball python!
You hit the endoplasm.
The endoplasm is severely wounded.
The endoplasm freezes you.
You are frozen.
* * * LOW HITPOINT WARNING * * *
The endoplasm closely misses you.
You hit the endoplasm.
The endoplasm is almost dead.
The endoplasm freezes you.
You are frozen.
You die...

#.........#
#.........#
#.........#
###+##....####..#
###.....#..#
##....#..###+#..
#....#..##.....
#.......##.....
###..#.@J......
#..#..#......
#..#..#......
...#..#......
#..#.....#
.....##


You could see an endoplasm.

Vanquished Creatures
  2 ball pythons (D:1)
  A kobold (D:1)
  A rat (D:1)
4 creatures vanquished.

Notes
Turn   | Place    | Note
-------+----------+-------------------------------------------
     0 | D:1      | Host24 the Kobold Hunter began the quest for the Orb.
     0 | D:1      | Reached XP level 1. HP: 12/12 MP: 1/1
   288 | D:1      | Reached skill level 5 in Crossbows
   298 | D:1      | Frozen to death by an endoplasm

Illustrated notes

Levels and vault maps discovered:
D:1:      sevenhm_arrival_forest_fort_large_4, layout_basic, minmay_tripent

Skill      XL: |  1 |
---------------+----+-----
Crossbows      | 5 |  5.0
Fighting       | |  2.2
Dodging        | |  2.4
Stealth        | |  1.3

Action                   || total
-------------------------++-------
Melee: Short sword       ||    21
       Punch             ||     1
Armor: Leather armour    ||     7
Dodge: Dodged            ||    17
